 Dungeon Crawl Stone Soup version 0.29.0-4-gdea44cf6ec (webtiles) character file.

Game seed: 8469007098992150652

18 qw the Chopper (level 2, -2/17 HPs)
             Began as a Tengu Warper on Aug 28, 2022.
             Slain by a kobold
             ... wielding a +0 whip of electrocution
              (13 damage)
             ... on level 1 of the Dungeon.
             The game lasted 00:00:02 (750 turns).

qw the Chopper (Tengu Warper)                        Turns: 750, Time: 00:00:03

Health: -2/17      AC:  3    Str: 11    XL:     2   Next: 66%
Magic:  6/6        EV: 11    Int: 13    God:
Gold:   23         SH:  0    Dex: 13    Spells: 5/5 levels left

rFire   . . .      SeeInvis .   a - +0 hand axe
rCold   . . .      Faith    .   (no shield)
rNeg    . . .      Spirit   .   b - +0 leather armour
rPois   .          Reflect  .   (helmet restricted)
rElec   .          Harm     .   (no cloak)
rCorr   .          Rampage  .   (no gloves)
Will    .....                   (boots unavailable)
Stlth   +.........              (no amulet)
HPRegen 0.05/turn               (no ring)
MPRegen 0.10/turn               (no ring)

@: no status effects
A: beak, talons 3
a: no special abilities


You were on level 1 of the Dungeon.
You visited 1 branch of the dungeon, and saw 1 of its levels.

You collected 23 gold pieces.


Innate Abilities, Weirdness & Mutations

You have a beak for a mouth.
You have claws for feet.


   Skills:
 - Level 2.0 Fighting
 + Level 3.5 Axes
 - Level 1.0 Throwing
 - Level 1.1 Armour
 - Level 2.1 Dodging
 - Level 2.0 Spellcasting
 - Level 2.4 Translocations


You had 5 spell levels left.
You didn't know any spells.
Your spell library contained the following spells:

 Spells                   Type           Power      Damage    Failure   Level
 Blink                    Tloc           14%        N/A       19%         2
 Gell's Gravitas          Tloc           7%         N/A       36%         3
 Lesser Beckoning         Tloc           7%         N/A       36%         3
 Teleport Other           Tloc           7%         N/A       36%         3
 Manifold Assault         Tloc           7%         N/A       98%         5

Inventory:

Hand Weapons
 a - a +0 hand axe (weapon)
 d - a +0 club
Armour
 b - a +0 leather armour (worn)
 f - a +0 chain mail
Jewellery
 h - a +6 ring of dexterity
Scrolls
 c - a scroll of blinking
Potions
 e - a potion of invisibility {unknown}
 g - a potion of curing {unknown}

Dungeon Overview and Level Annotations

Branches:
Dungeon (1/15)

Altars:


Message History

You start resting.
HP restored.
There is an open door here.
You now have 23 gold pieces (gained 8).
h - a +6 ring of dexterity You open the door.
There is an open door here.
Found a stone staircase leading down.
There is a stone staircase leading down here.
A rat comes into view.
Enter note: You hit the rat but do no damage.
Your peck misses the rat. The rat bites you but does no damage.
You hit the rat.
You kill the rat!
A kobold comes into view. It is wielding a +0 whip.
Found 11 gold pieces.
The kobold shouts!
You hear a shout!
Enter note: A kobold comes into view.
It is wielding a +0 whip of electrocution.
A bat comes into view.
The bat moves out of view.
You hit the kobold but do no damage. You claw the kobold.
You kill the kobold!
The kobold throws a stone.
The stone barely misses you.
An endoplasm comes into view.
744 ||| Stepping ~*~*~tactically~*~*~ (stealth).
The kobold throws a stone.
The stone closely misses you.
The kobold throws a stone.
The stone barely misses you.
747 ||| Stepping ~*~*~tactically~*~*~ (stealth).
748 ||| Stepping ~*~*~tactically~*~*~ (stealth).
The kobold attacks as you move away!
The kobold hits you with a +0 whip of electrocution.
You closely miss the kobold. You claw the kobold, but do no damage.
The kobold completely misses you.
You hit the kobold but do no damage. Your kick misses the kobold.
The kobold hits you with a +0 whip of electrocution.
You are electrocuted!
Ouch! That really hurt!
You die...

J# ### ##.# . ..#
#.. .##..# ###
..J..# #.# #....#
#.# #... #.# ##)#
#### #.#
######..## #...
##### #.#
#...@K...# #.##
....# #.#
#.######.# #.#
###.# #.# #.# .#
##.##
###.###.#####.####
.# #....
.##.##...........#
.# #..##
..........###.##.#
.# #..##
.#####...## #.# #
.# #..## ## ##.##
#.# #.... ## #.#
#.. .. ##.###


You could see a kobold.

Vanquished Creatures
  2 dart slugs (D:1)
  4 ball pythons (D:1)
  2 endoplasms (D:1)
  A giant cockroach (D:1)
  A frilled lizard (D:1)
  A goblin (D:1)
  2 kobolds (D:1)
  A rat (D:1)
14 creatures vanquished.

Vanquished Creatures (others)
  5 toadstools (D:1)
5 creatures vanquished.

Grand Total: 19 creatures vanquished

Notes
Turn   | Place    | Note
-------+----------+-------------------------------------------
     0 | D:1      | qw the Tengu Warper began the quest for the Orb.
     0 | D:1      | Reached XP level 1. HP: 12/12 MP: 4/4
     0 | D:1      | 0 ||| qw: Version: 0.1-a-89-g26bdef1
     0 | D:1      | 0 ||| qw: Game counter: 2684
     0 | D:1      | 0 ||| qw: Always use a shield: true
     0 | D:1      | 0 ||| qw: God list: Okawaru
     0 | D:1      | 0 ||| qw: Allow faded altars: false
     0 | D:1      | 0 ||| qw: Do Orc after D:15 true
     0 | D:1      | 0 ||| qw: Do second Lair branch before Depths: true
     0 | D:1      | 0 ||| qw: Lair rune preference: random
     0 | D:1      | 0 ||| qw: Plans: Normal
     0 | D:1      | 0 ||| PLANNING D:1-11
   113 | D:1      | Reached XP level 2. HP: 13/17 MP: 6/6
   206 | D:1      | Reached skill level 3 in Axes
   744 | D:1      | 744 ||| Stepping ~*~*~tactically~*~*~ (stealth).
   747 | D:1      | 747 ||| Stepping ~*~*~tactically~*~*~ (stealth).
   748 | D:1      | 748 ||| Stepping ~*~*~tactically~*~*~ (stealth).
   750 | D:1      | Slain by a kobold

Levels and vault maps discovered:
D:1:      ldierk_walled_garden, layout_loops_corners, kennysheep_nondescript,
          minmay_tall_x

Skill      XL: |  1  2 |
---------------+-------+-----
Axes           | 3 |  3.5
Fighting       | |  2.0
Throwing       | |  1.0
Armour         | |  1.1
Dodging        | |  2.1
Spellcasting   | |  2.0
Translocations | |  2.4

Action                   || total
-------------------------++-------
Melee: Hand axe          ||    31
       Kick              ||    10
       Peck              ||     1
Throw: Boomerang         ||     7
Armor: Leather armour    ||     3
Dodge: Dodged            ||    13

Table legend:
 A = Non-vault XP
 B = Vault XP
 C = Vault XP percentage of total XP
 D = Non-vault monster count
 E = Vault monster count
 F = Vault count percentage of total count
                 A         B        C        D         E       F
            +---------+---------+-------+---------+---------+-------
      Total |      24 |       2 |   7.7 |      13 |       1 |   7.1
            +---------+---------+-------+---------+---------+-------
        D:1 |      24 |       2 |   7.7 |      13 |       1 |   7.1
            +---------+---------+-------+---------+---------+-------
